cohdb
Replays
Latest Replays
All Replays
Popular Replays
Top Player Replays
Match Explorer
How It Works
Community
CoH3 Stats
Reddit
Sign in to upload your games and track your stats! →
Sign in with Steam
Match 43641956
Unlisted
Match 43641956
Overview
Messages
Build Orders
End
Construct Barracks
Riflemen Squad
Riflemen Squad
Riflemen Squad
Mechanized Support Center
Riflemen Squad
M1918 Browning Automatic Rifles
Construct Weapon Support Center
Selects Heavy Weapons
Selects M2HB .50cal Heavy Machine Gun
Bazooka Squad
Selects Assault Carriers
Construct Medical Station
Grenade Package
Bazooka Squad
Selects Rapid Reposition
M1919 Machine Gun Team
Construct Motor Pool
M1 Anti-tank Gun Team
Selects Black Dragon Artillery Barrage
Selects Assault Carriers
Construct Tank Depot
Selects Halftrack Strongpoints
M18 Hellcat Tank Destroyer
Black Dragon Artillery Barrage
Riflemen Squad
Selects M26 Pershing Heavy Tank
M26 Pershing Heavy Tank
M1919 Machine Gun Team
Engineer Squad
M18 Hellcat Tank Destroyer
M18 Hellcat Tank Destroyer
Tap57
crimson_omen
David
Moltke1871
0
0
Comments
sign in to comment!
No comments posted yet!